 Dungeon Crawl Stone Soup version 0.18.1-50-g88ac8fd (webtiles) character file.

34 Frosty the Firebug (level 3, -4/25 HPs)
             Began as a Human Fire Elementalist on Sept 14, 2016.
             Slain by an iron imp (7 damage)
             ... summoned by Natasha
             ... on level 2 of the Dungeon.
             The game lasted 00:08:55 (1281 turns).

Frosty the Firebug (Human Fire Elementalist)        Turns: 1281, Time: 00:08:56

Health: -4/25      AC:  5    Str:  9    XL:     3   Next: 50%
Magic:  2/6        EV:  5    Int: 15    God:
Gold:   78         SH:  0    Dex: 13    Spells: 2 memorised, 3 levels left

rFire  . . .     SeeInvis .     c - +0 scimitar
rCold  . . .     Gourm    .     j - +0 ring mail (curse)
rNeg   . . .     Faith    .     (no shield)
rPois  .         Spirit   .     (no helmet)
rElec  .         Dismiss  .     (no cloak)
rCorr  .         Reflect  .     (no gloves)
SustAt .         Harm     .     (no boots)
MR     .....                    (no amulet)
Stlth  +.........               (no ring)
                                (no ring)

@: very slightly contaminated, slowed, very slow, not resistant to hostile
enchantments, very unstealthy
A: no striking features
a: no special abilities


You were on level 2 of the Dungeon.
You were not hungry.

You visited 1 branch of the dungeon, and saw 2 of its levels.

You collected 78 gold pieces.

Inventory:

Hand Weapons
 c - a +0 scimitar (weapon)
 f - a +0 club
Armour
 a - a +0 robe
 j - a cursed +0 ring mail (worn)
Scrolls
 e - 3 scrolls of identify
Potions
 d - a potion of haste {unknown}
 g - 2 potions of degeneration {unknown}
 i - a potion of curing {unknown}
Books
 b - a book of Flames

   Spells                             Type                      Level
   a - Flame Tongue                   Conjuration/Fire             1
   b - Throw Flame                    Conjuration/Fire             2
   c - Conjure Flame                  Conjuration/Fire             3
   d - Inner Flame                    Hexes/Fire                   3
   e - Sticky Flame                   Conjuration/Fire             4
   f - Fireball                       Conjuration/Fire             5
Comestibles
 h - a meat ration
 k - a bread ration


   Skills:
 * Level 0.4 Fighting
 + Level 2.2 Dodging
 - Level 2.0 Stealth
 - Level 0.2 Unarmed Combat
 + Level 2.4 Spellcasting
 + Level 1.3 Conjurations
 + Level 3.5 Fire Magic


You had 3 spell levels left.
You knew the following spells:

 Your Spells              Type           Power        Failure   Level  Hunger
a - Flame Tongue          Conj/Fire      #....        21%         1    #......
b - Throw Flame           Conj/Fire      #.....       34%         2    ###....


Dungeon Overview and Level Annotations

Branches:
Dungeon (2/15)

Altars:

Annotations:
D:2 Natasha


Message History

Casting: Flame Tongue
Confirm with . or Enter, or press ? or * to list all spells.
Aiming: Flame Tongue
Press: ? - help, Shift-Dir - straight line, f/p - Natasha
Aim: Natasha (heavily wounded)
The flame tongue misses Natasha.
Natasha closely misses you.
Natasha mumbles some strange words.
Natasha casts a spell at you. You resist with significant effort.
Natasha casts a spell.
The crimson imp barely misses you.
Natasha casts a spell.
The crimson imp barely misses you. The iron imp hits you.
* * * LOW HITPOINT WARNING * * *
The crimson imp shouts, "Bolt, thou spongy weevil-witted scavenger!"
There is a stone staircase leading up here.
The white imp disappears for a moment.
The iron imp grinds its teeth.
The iron imp hits you!
You die...

#.# ## # #####.# (#
##.##.....###### ## ####
.............. #
...####.##.......####.. #
.....................
###########..#...#...#..####..
##........#..###.#..##.##
##.######.#.....@#..#..<#
##.#..# #.#..#.#5#. #.#.##
##.#..###.#..#.#5####....#
...#......#.....h5..5...######.
####.####......................
#......#..............######
########.#............# ##
#......############ ...
#......# .≈≈


You could see an iron imp, Natasha, a crimson imp and a white imp.

Vanquished Creatures
  2 dart slugs (D:1)
  3 bats (D:1)
  3 giant cockroaches (D:1)
  8 goblins
  2 hobgoblins (D:1)
  A jackal (D:1)
  2 giant newts (D:1)
  3 kobolds (D:1)
  4 rats (D:1)
28 creatures vanquished.

Notes
Turn   | Place    | Note
--------------------------------------------------------------
     0 | D:1      | Frosty the Human Fire Elementalist began the quest for the Orb.
     0 | D:1      | Reached XP level 1. HP: 13/13 MP: 3/3
   105 | D:1      | Reached XP level 2. HP: 19/19 MP: 0/5
   256 | D:1      | Learned a level 2 spell: Throw Flame
   452 | D:1      | Reached XP level 3. HP: 10/25 MP: 4/6
   493 | D:1      | HP: 1/25 [giant cockroach (2)]
  1255 | D:2      | Noticed Natasha
  1281 | D:2      | Slain by an iron imp

Action                   || total
-------------------------++-------
Melee: Unarmed           ||    33
       Club              ||    34
       Scimitar          ||     9
 Cast: Flame Tongue      ||    30
       Throw Flame       ||     7
  Use: Scroll            ||     2
  Eat: Bread ration      ||     1
Armor: Robe              ||    18
       Ring mail         ||     4
Dodge: Dodged            ||    68
